[Event "Titled Tuesday Blitz March 01 Late 2022"]
[White "Kostiukov, Alexandr"]
[Black "Ribeiro, Matheus Mendes Domingues"]
[WhiteFideId "14108100"]
[BlackFideId "324226923"]
[WhiteElo "2202"]
[BlackElo "1886"]
[Result "0-1"]
[Round "08"]
[TimeControl "180+1"]
[Date "2022.03.02"]
[WhiteClock "0:00:02"]
[BlackClock "0:01:56"]

1. g3 d5 2. Bg2 e6 3. d3 Nf6 4. e4 dxe4 5. dxe4 Qxd1+ 6. Kxd1 Bc5 7. f3 Nc6 8. Nd2 O-O 9. Nb3 Bb6 10. c3 Rd8+ 11. Ke2 a5 12. a4 e5 13. Be3 Be6 14. Nd2 Rd7 15. Bh3 Bxe3 16. Kxe3 Rad8 17. Bxe6 Rd3+ 18. Ke2 Rxd2+ 19. Ke1 fxe6 20. b3 Rb2 21. Rd1 Rxd1+ 22. Kxd1 Rxb3 23. Kc2 Ra3 24. Nh3 Rxa4 25. Kb3 b5 26. Ng5 Rc4 27. Nxe6 a4+ 28. Kb2 b4 29. cxb4 Nxb4 30. Rd1 Kf7 31. Nd8+ Ke7 32. Nb7 Nd3+ 33. Ka3 Rc3+ 34. Ka2 Rb3 35. Na5 Nb4+ 36. Ka1 Ra3+ 37. Kb2 Ra2+ 38. Kc3 c5 39. Nb7 Rc2# 0-1


[Site "https://www.chess.com"]

[Event "Titled Tuesday Blitz March 01 Late 2022"]
[White "Krishnan, Varun"]
[Black "Ibarra Jerez, Jose Carlos"]
[WhiteFideId "5054508"]
[BlackFideId "2226332"]
[WhiteElo "2629"]
[BlackElo "2626"]
[Result "0-1"]
[Round "08"]
[TimeControl "180+1"]
[Date "2022.03.01"]
[WhiteClock "0:00:02"]
[BlackClock "0:00:57"]

1. e4 c5 2. Nf3 e6 3. Nc3 a6 4. d4 cxd4 5. Nxd4 b5 6. Be2 Bb7 7. O-O Qc7 8. Bf3 d6 9. Re1 Nd7 10. a4 bxa4 11. Rxa4 Ngf6 12. Qe2 Be7 13. g3 O-O 14. Bg2 Rfc8 15. Nb3 Nb6 16. Ra1 Nc4 17. Nd2 Nb6 18. Nb3 Rab8 19. Na5 Ba8 20. Bf4 Nfd7 21. Qxa6 Ne5 22. Be3 Nbc4 23. Nxc4 Nxc4 24. Nb5 Qd7 25. Bf1 Nxe3 26. Rxe3 Rxc2 27. e5 dxe5 28. Rd3 Bd5 29. Nc3 Bc5 30. Nxd5 exd5 31. Bg2 Rxf2 32. Kh1 e4 33. Bxe4 Qh3 34. Bxh7+ Kh8 0-1


[Site "https://www.chess.com"]

[Event "Titled Tuesday Blitz March 01 Late 2022"]
[White "Kulon, Klaudia"]
[Black "Antonio, Jorge Carlos"]
[WhiteFideId "1131044"]
[BlackFideId "113190"]
[WhiteElo "2281"]
[BlackElo "2247"]
[Result "1/2-1/2"]
[Round "08"]
[TimeControl "180+1"]
[Date "2022.03.02"]
[WhiteClock "0:00:02"]
[BlackClock "0:00:06"]

1. c4 e5 2. g3 d6 3. Bg2 c6 4. Nc3 f5 5. d3 Nf6 6. e4 Be7 7. Nge2 fxe4 8. dxe4 Be6 9. b3 a6 10. O-O O-O 11. h3 b5 12. cxb5 axb5 13. f4 b4 14. Na4 Nfd7 15. f5 Bf7 16. Be3 c5 17. Nb2 Nc6 18. g4 h6 19. Qd2 Qc7 20. g5 hxg5 21. Bxg5 Bxg5 22. Qxg5 Qd8 23. Qd2 Nd4 24. Nd3 Nxe2+ 25. Qxe2 c4 26. Nxb4 Qb6+ 27. Kh1 Qxb4 28. f6 Nxf6 29. Rxf6 cxb3 30. Rf2 Rxa2 31. Qf1 Rxa1 32. Qxa1 Be6 33. Rb2 Qc3 34. Kh2 Rf2 35. Qa8+ Rf8 36. Qa3 Qe3 37. Rb1 Qf4+ 38. Kh1 Qg3 39. Qxd6 Bxh3 40. Qd5+ Kh8 41. Qd2 Qxg2+ 42. Qxg2 Bxg2+ 43. Kxg2 Rb8 44. Rb2 Rb4 45. Kf3 Kg8 46. Ke3 Kf7 47. Kd3 Kf6 48. Ke3 g5 49. Kf3 Ke6 50. Ke3 Kd6 51. Kd3 Kc5 52. Kc3 Kb5 53. Kd3 Ka4 54. Kc3 Rxe4 55. Rg2 g4 56. Rf2 Rf4 57. Re2 Rf3+ 58. Kb2 Rf5 59. Re4+ Kb5 60. Rxg4 Rf4 61. Rg5 Re4 62. Kxb3 Kc5 63. Kc3 Kd5 64. Kd3 Rf4 65. Ke3 Ra4 66. Rg8 Ra3+ 67. Ke2 Ke4 68. Rg4+ Kf5 69. Rb4 e4 70. Kf2 Kf4 71. Rc4 Ra2+ 72. Ke1 Kf3 73. Rc8 Ra1+ 74. Kd2 e3+ 75. Kd3 Rd1+ 76. Kc2 Rd7 77. Rf8+ Ke2 78. Re8 Kf2 79. Rf8+ Ke1 80. Rf5 e2 81. Rf6 Rd4 82. Kc3 Rd7 83. Kc2 Rc7+ 84. Kb2 Rd7 85. Kc2 1/2-1/2


[Site "https://www.chess.com"]

[Event "Titled Tuesday Blitz March 01 Late 2022"]
[White "Levine, David"]
[Black "Sadilek, Peter"]
[WhiteFideId "2011611"]
[BlackFideId "1616439"]
[WhiteElo "2139"]
[BlackElo "2145"]
[Result "0-1"]
[Round "08"]
[TimeControl "180+1"]
[Date "2022.03.02"]
[WhiteClock "0:00:21"]
[BlackClock "0:01:56"]

1. d4 Nf6 2. c4 g6 3. g3 Bg7 4. Bg2 O-O 5. Nf3 c5 6. d5 d6 7. O-O e6 8. Nc3 exd5 9. cxd5 Re8 10. Nd2 b6 11. Re1 Ba6 12. Qc2 b5 13. e4 b4 14. Nd1 Ng4 15. Nf1 Nd7 16. Nfe3 Nxe3 17. Nxe3 Bd4 18. a3 bxa3 19. Rxa3 Bb5 20. Bd2 Ne5 21. Rea1 a6 22. h3 Qf6 23. f4 Nc4 24. Rd3 Nxb2 0-1


[Site "https://www.chess.com"]

[Event "Titled Tuesday Blitz March 01 Late 2022"]
[White "Li, Ben"]
[Black "Sargsyan, Anna M."]
[WhiteFideId "2089980"]
[BlackFideId "13308130"]
[WhiteElo "2267"]
[BlackElo "2271"]
[Result "0-1"]
[Round "08"]
[TimeControl "180+1"]
[Date "2022.03.01"]
[WhiteClock "0:00:03"]
[BlackClock "0:00:05"]

1. d4 Nf6 2. c4 g6 3. Nc3 d5 4. cxd5 Nxd5 5. Na4 Bg7 6. e4 Nb6 7. Nf3 O-O 8. Be3 Nc6 9. Nc5 e5 10. d5 Ne7 11. Qb3 Kh8 12. h4 h6 13. O-O-O f5 14. Ng5 hxg5 15. hxg5+ Kg8 16. d6+ Ned5 17. Rxd5 Rf7 18. d7 Nxd5 19. dxc8=Q Rxc8 20. Bc4 c6 21. exd5 b5 22. d6 bxc4 23. Qxc4 Qxd6 24. Rd1 Qf8 25. Rd7 Rd8 26. Rxa7 Rd5 27. Ne6 Qc8 28. Rxf7 Kxf7 29. Nc5 Bf8 30. Nd3 Qe6 31. f4 Bg7 32. fxe5 Bxe5 33. Bf4 Bg7 34. Qc2 Kg8 35. Kb1 Qe4 36. Nc1 Qxf4 37. Qxc6 Qe4+ 38. Ka1 Rd1 39. Qc8+ Kh7 40. a3 Qe1 41. Ka2 Qd2 42. Qe6 Qxb2# 0-1


[Site "https://www.chess.com"]

[Event "Titled Tuesday Blitz March 01 Late 2022"]
[White "Lopez Perdomo, Juan David"]
[Black "Dobre, Claudiu-Cristian"]
[WhiteFideId "4405137"]
[BlackFideId "1211854"]
[WhiteElo "1997"]
[BlackElo "2207"]
[Result "1-0"]
[Round "08"]
[TimeControl "180+1"]
[Date "2022.03.02"]
[WhiteClock "0:00:23"]
[BlackClock "0:00:17"]

1. e4 c5 2. d4 cxd4 3. c3 dxc3 4. Nxc3 d6 5. Nf3 Nc6 6. Bc4 e6 7. O-O a6 8. Qe2 Nf6 9. Rd1 Qc7 10. Bf4 Be7 11. h3 O-O 12. e5 dxe5 13. Nxe5 Nxe5 14. Bxe5 Qc6 15. Bd3 Rd8 16. Rac1 Qe8 17. Qf3 Ra7 18. Bc7 Rd7 19. Bb6 Ra8 20. Re1 Rd6 21. Bc7 Rc6 22. Be5 Bd7 23. Rcd1 Rb6 24. Ne4 Bc6 25. Bxf6 Bxf6 26. Nxf6+ gxf6 27. Qxf6 Qf8 28. Re3 Qe8 29. Qh6 Qf8 30. Rg3+ 1-0


[Site "https://www.chess.com"]

[Event "Titled Tuesday Blitz March 01 Late 2022"]
[White "Martinez Alcantara, Jose Eduardo"]
[Black "Beerdsen, Thomas"]
[WhiteFideId "3805662"]
[BlackFideId "1030108"]
[WhiteElo "2690"]
[BlackElo "2585"]
[Result "1-0"]
[Round "08"]
[TimeControl "180+1"]
[Date "2022.03.01"]
[WhiteClock "0:00:15"]
[BlackClock "0:00:14"]

1. e4 e5 2. Nf3 Nc6 3. Bb5 f5 4. Nc3 fxe4 5. Nxe4 Nf6 6. Qe2 d5 7. Nxf6+ gxf6 8. d4 Bg7 9. dxe5 O-O 10. e6 Re8 11. O-O Bxe6 12. Bf4 Kh8 13. Qd2 Rg8 14. Bg3 Ne5 15. Be2 c5 16. Rad1 Qe7 17. Nxe5 fxe5 18. c4 Rad8 19. cxd5 Bxd5 20. Qe3 e4 21. b3 Rge8 22. Bf4 Bc6 23. Bg5 Bf6 24. Bxf6+ Qxf6 25. Qxc5 Rxd1 26. Rxd1 e3 27. fxe3 Re5 28. Qd4 Kg7 29. Rf1 Qg5 30. Bf3 Qxe3+ 31. Qxe3 Rxe3 32. Bxc6 bxc6 33. Rf4 a5 34. Rc4 Re2 35. Ra4 Re5 36. Kf2 h5 37. Rc4 Rd5 38. Ke3 Re5+ 39. Kd3 Rf5 40. Rxc6 Rf2 41. Rc2 Rf1 42. g3 h4 43. gxh4 a4 44. bxa4 Rf3+ 45. Kc4 Rf2 46. Rxf2 1-0


[Site "https://www.chess.com"]

[Event "Titled Tuesday Blitz March 01 Late 2022"]
[White "Maze, Sebastien"]
[Black "Gracia Alvarez, Gerardo Antonio"]
[WhiteFideId "613762"]
[BlackFideId "5109124"]
[WhiteElo "2462"]
[BlackElo "2139"]
[Result "1-0"]
[Round "08"]
[TimeControl "180+1"]
[Date "2022.03.02"]
[WhiteClock "0:00:44"]
[BlackClock "0:00:15"]

1. e4 c5 2. Nf3 Nc6 3. Bb5 d6 4. O-O Bd7 5. Re1 Nf6 6. c3 a6 7. Bf1 Bg4 8. d4 cxd4 9. cxd4 e5 10. d5 Nd4 11. Be3 Nxf3+ 12. gxf3 Bd7 13. Qb3 b5 14. Nc3 Be7 15. a4 bxa4 16. Nxa4 O-O 17. Nb6 Rb8 18. Rxa6 Nh5 19. Ra7 Bc8 20. Qc3 Bg5 21. Nxc8 Rxc8 22. Qd2 Bf4 23. Bh3 Qh4 24. Bxc8 Bxh2+ 25. Kf1 Rxc8 26. Ke2 Nf4+ 27. Bxf4 Bxf4 28. Qc3 Rf8 29. Rea1 f5 30. Ra8 fxe4 31. Rxf8+ Kxf8 32. Qc8+ Kf7 33. Qe6+ 1-0


[Site "https://www.chess.com"]

[Event "Titled Tuesday Blitz March 01 Late 2022"]
[White "Mickiewicz, Piotr"]
[Black "Kim, Sergey"]
[WhiteFideId "1114891"]
[BlackFideId "13700570"]
[WhiteElo "2266"]
[BlackElo "2595"]
[Result "1-0"]
[Round "08"]
[TimeControl "180+1"]
[Date "2022.03.02"]
[WhiteClock "0:00:20"]
[BlackClock "0:00:09"]

1. e4 e5 2. Nf3 Nc6 3. Bb5 a6 4. Ba4 Nf6 5. O-O b5 6. Bb3 Bc5 7. d3 d6 8. Be3 Ba7 9. a4 b4 10. a5 O-O 11. Nbd2 h6 12. Nc4 Be6 13. Bxa7 Rxa7 14. Re1 Ra8 15. h3 Re8 16. Ba4 Bd7 17. Ne3 Ne7 18. Bb3 c5 19. Nh4 Be6 20. Qf3 Bxb3 21. cxb3 Ng6 22. Nhf5 Re6 23. g3 Kh7 24. h4 Ne7 25. Nc4 g6 26. Nxe7 Qxe7 27. Rf1 Rf8 28. Qe2 Nd7 29. Ne3 Nf6 30. f4 exf4 31. Rxf4 Nh5 32. Rf3 d5 33. Nxd5 Qd6 34. Qf2 Kg7 35. Rf1 Kh8 36. Kg2 f6 37. g4 Ng7 38. Nxf6 Qd8 39. g5 h5 40. Nd5 Rxf3 41. Qxf3 Re8 42. Qf7 Qd6 43. Rf6 Qe5 44. Qxg6 Qxb2+ 45. Rf2 Qe5 46. Nf6 1-0


[Site "https://www.chess.com"]

[Event "Titled Tuesday Blitz March 01 Late 2022"]
[White "Migot, Tangi"]
[Black "Boyer, Mahel"]
[WhiteFideId "662445"]
[BlackFideId "45102422"]
[WhiteElo "2504"]
[BlackElo "2328"]
[Result "0-1"]
[Round "08"]
[TimeControl "180+1"]
[Date "2022.03.02"]
[WhiteClock "0:00:14"]
[BlackClock "0:00:05"]

1. d4 e5 2. dxe5 Nc6 3. Nf3 d6 4. exd6 Bxd6 5. g3 Nf6 6. Bf4 Bb4+ 7. c3 Qxd1+ 8. Kxd1 Bc5 9. Ke1 Ne4 10. e3 Bg4 11. Nbd2 O-O-O 12. h3 Nxd2 13. Nxd2 Bf5 14. g4 Bc2 15. Bc4 f6 16. b4 Bb6 17. Be6+ Kb8 18. Bb3 Bd3 19. Nc4 g5 20. Nxb6 gxf4 21. Nd5 Be4 22. Rg1 Bxd5 23. Bc2 Rhe8 24. Ke2 Bc4+ 25. Kf3 Rd2 26. Bxh7 Ne5+ 27. Kxf4 Rxf2+ 28. Kg3 Rf3+ 29. Kh2 Rh8 30. Bf5 Rhxh3+ 31. Kg2 Rhg3+ 32. Kh2 Rh3+ 33. Kg2 Rfg3+ 34. Kf2 Nd3+ 35. Ke2 Rxe3+ 36. Kd2 Ne5 37. Rae1 Rxc3 38. g5 Nf3+ 39. Kd1 Nxe1 40. g6 Rhg3 41. Rh1 a5 42. Rh8+ Ka7 43. Be4 Nc2 44. Bxc2 Bxa2 45. bxa5 Bb3 46. Bxb3 Rxb3 47. g7 Rxg7 48. Kc2 Rgg3 49. Rh5 Rgc3+ 0-1


[Site "https://www.chess.com"]

[Event "Titled Tuesday Blitz March 01 Late 2022"]
[White "Mikhalsky, Vladimir"]
[Black "Pace, Christopher"]
[WhiteFideId "14144352"]
[BlackFideId "2610167"]
[WhiteElo "2248"]
[BlackElo "2219"]
[Result "1-0"]
[Round "08"]
[TimeControl "180+1"]
[Date "2022.03.02"]
[WhiteClock "0:00:07"]
[BlackClock "0:00:19"]

1. e4 c5 2. Nf3 d6 3. Bb5+ Bd7 4. Bxd7+ Nxd7 5. c4 Ngf6 6. Nc3 g6 7. d4 cxd4 8. Nxd4 Rc8 9. b3 Bg7 10. Bb2 O-O 11. O-O a6 12. Rc1 h5 13. Re1 h4 14. h3 Nh7 15. Nd5 e6 16. Ne3 Qa5 17. Bc3 Qg5 18. Nf3 Qh5 19. Bxg7 Kxg7 20. Qxd6 Rfd8 21. Qf4 Nc5 22. Ne5 f6 23. N5g4 Nd3 24. Qf3 Nxc1 25. Rxc1 Rd2 26. Rd1 Rcd8 27. Rxd2 Rxd2 28. Qf4 e5 29. Qf3 Rxa2 30. Nd5 Qg5 31. Qc3 Re2 32. c5 Qd2 33. Qf3 Qd1+ 34. Kh2 Re1 35. Qxd1 Rxd1 36. b4 Rc1 37. Nge3 a5 38. bxa5 Rxc5 39. Ne7 Rxa5 40. N3d5 Kf7 41. Nc8 b5 42. Nd6+ Ke6 43. Nb7 b4 44. Nxa5 b3 45. Nxb3 Kd6 46. Nd2 Ng5 47. Nf3 Ne6 48. Nxh4 g5 49. Nf5+ Kc5 50. Nfe3 Kd4 51. Ng4 Kxe4 52. Ngxf6+ Kf5 53. Ne7+ Kxf6 54. Nd5+ Kf5 55. Ne3+ Ke4 56. Ng4 Nf4 57. g3 Nd3 58. Kg2 Kf5 59. Ne3+ Ke4 60. Nc4 Kd4 61. Nd2 e4 62. Nf1 Ne5 63. Ne3 Nf3 64. Ng4 Kd3 65. Nh2 Ke2 66. Nxf3 exf3+ 67. Kg1 Ke1 68. h4 gxh4 69. gxh4 Kd2 70. h5 1-0


[Site "https://www.chess.com"]

[Event "Titled Tuesday Blitz March 01 Late 2022"]
[White "Miszler, Levente"]
[Black "Dauner, Benedikt"]
[WhiteFideId "763276"]
[BlackFideId "16225899"]
[WhiteElo "1966"]
[BlackElo "2230"]
[Result "0-1"]
[Round "08"]
[TimeControl "180+1"]
[Date "2022.03.02"]
[WhiteClock "0:01:59"]
[BlackClock "0:02:12"]

1. e4 Nf6 2. e5 Ne4 3. d3 Nc5 4. d4 Ne6 5. Nf3 d5 6. Be3 c5 7. c3 Nc6 8. Be2 g6 9. O-O Bg7 10. Na3 cxd4 11. cxd4 O-O 12. Rc1 Qa5 13. Qb3 Nc7 14. Bd2 Qb6 15. Nb5 Nxb5 16. Qxb5 Nxd4 17. Qxb6 Nxe2+ 18. Kh1 axb6 19. Rc2 Bf5 0-1


[Site "https://www.chess.com"]

[Event "Titled Tuesday Blitz March 01 Late 2022"]
[White "Moral Garcia, Serafin"]
[Black "Antonova, Nadezhda"]
[WhiteFideId "2201925"]
[BlackFideId "14700182"]
[WhiteElo "2228"]
[BlackElo "1765"]
[Result "1-0"]
[Round "08"]
[TimeControl "180+1"]
[Date "2022.03.02"]
[WhiteClock "0:00:44"]
[BlackClock "0:00:06"]

1. c4 Nf6 2. Nc3 g6 3. g3 Bg7 4. Bg2 O-O 5. d3 d6 6. Rb1 a5 7. a3 Nc6 8. Nf3 e5 9. O-O Nd4 10. b4 axb4 11. axb4 Bg4 12. Nd2 c6 13. h3 Be6 14. e3 Nf5 15. b5 d5 16. cxd5 cxd5 17. Na4 Nd7 18. Ba3 Re8 19. Bb4 Bf8 20. Bxf8 Kxf8 21. Qb3 Kg7 22. Qb4 Qa5 23. Qxa5 Rxa5 24. Nc3 Ne7 25. d4 e4 26. Rfc1 Rea8 27. Nb3 Ra3 28. Nc5 b6 29. Nxe6+ fxe6 30. Ne2 R8a7 31. h4 h5 32. Bh3 Nf5 33. Rc6 Kf7 34. Nf4 Nf8 35. Rbc1 Ra1 36. Bxf5 Rxc1+ 37. Rxc1 exf5 38. Nxd5 Ra5 39. Rc7+ Ke6 40. Nf4+ Kf6 41. Rc6+ Kg7 42. Rxb6 Ra1+ 43. Kg2 Rb1 44. Rb7+ Kf6 45. b6 1-0


[Site "https://www.chess.com"]

[Event "Titled Tuesday Blitz March 01 Late 2022"]
[White "Morales Flores, Monserrat"]
[Black "Elissalt Cardenas, Hector"]
[WhiteFideId "3412016"]
[BlackFideId "3500632"]
[WhiteElo "2028"]
[BlackElo "2159"]
[Result "0-1"]
[Round "08"]
[TimeControl "180+1"]
[Date "2022.03.02"]
[WhiteClock "0:02:04"]
[BlackClock "0:00:42"]

1. e4 d6 2. d4 Nf6 3. Nc3 e5 4. dxe5 dxe5 5. Qxd8+ Kxd8 6. Nf3 Bd6 7. Bc4 Be6 8. Bb3 Ke7 9. Bg5 Nd7 10. Nd5+ Bxd5 11. Bxd5 c6 12. Bb3 h6 13. Bxf6+ Nxf6 14. Nd2 Rhd8 15. O-O-O Bc5 16. f3 Be3 17. Rhe1 Bxd2+ 18. Rxd2 Rxd2 19. Kxd2 Rd8+ 20. Ke3 Ne8 21. c3 Nd6 22. g3 f6 23. f4 g5 24. fxe5 fxe5 25. Rf1 Rf8 26. Rxf8 Kxf8 27. h4 Ke7 28. hxg5 hxg5 29. Bc2 Nc4+ 30. Kf3 Nxb2 31. Kg4 Kf6 32. Bb3 Nd3 33. Bc4 Nc5 34. Kh5 Nxe4 35. g4 Nxc3 36. Bd3 b5 37. Bc2 a5 38. Kh6 a4 39. a3 c5 40. Bd3 b4 41. axb4 cxb4 42. Bf5 b3 43. Bg6 b2 44. Bh5 b1=Q 45. Bg6 Qxg6# 0-1


[Site "https://www.chess.com"]

[Event "Titled Tuesday Blitz March 01 Late 2022"]
[White "Novikova, Galina"]
[Black "Kovanova, Baira"]
[WhiteFideId "4157095"]
[BlackFideId "4164083"]
[WhiteElo "1863"]
[BlackElo "2190"]
[Result "1-0"]
[Round "08"]
[TimeControl "180+1"]
[Date "2022.03.02"]
[WhiteClock "0:00:32"]
[BlackClock "0:00:17"]

1. e4 e5 2. Nf3 Nc6 3. d4 exd4 4. Nxd4 Nf6 5. Nxc6 bxc6 6. Qe2 Qe7 7. Nc3 a5 8. Bg5 h6 9. Bh4 Ba6 10. Qe3 Bxf1 11. Rxf1 g5 12. Bg3 a4 13. O-O-O Bg7 14. Bxc7 a3 15. b3 O-O 16. Bd6 Qe6 17. Bxf8 Ng4 18. Qg3 Rxf8 19. h4 Be5 20. Qd3 Qf6 21. Na4 Ra8 22. c3 Nxf2 23. Qe2 Rxa4 24. Rxf2 Bf4+ 25. Kc2 Ra8 26. g3 Qe5 27. gxf4 gxf4 28. Qg4+ Kf8 29. Qxf4 Qe6 30. Qf5 Qe7 31. Rxd7 1-0


[Site "https://www.chess.com"]

[Event "Titled Tuesday Blitz March 01 Late 2022"]
[White "P., Komal Kishore"]
[Black "Jarocka, Liwia"]
[WhiteFideId "5016703"]
[BlackFideId "21807558"]
[WhiteElo "2100"]
[BlackElo "1896"]
[Result "1-0"]
[Round "08"]
[TimeControl "180+1"]
[Date "2022.03.02"]
[WhiteClock "0:00:22"]
[BlackClock "0:00:03"]

1. e4 c5 2. Nf3 d6 3. Bb5+ Bd7 4. Bxd7+ Qxd7 5. O-O Nf6 6. Qe2 e5 7. c4 Be7 8. d3 O-O 9. Bg5 Ne8 10. Be3 Nc7 11. Nc3 Nc6 12. a3 a5 13. Rab1 Kh8 14. Nd5 Nxd5 15. cxd5 Nd8 16. b4 axb4 17. axb4 b6 18. bxc5 bxc5 19. Rb6 f5 20. Rfb1 Qa4 21. exf5 Qg4 22. Nd4 Qxe2 23. Nxe2 Nf7 24. g4 Bg5 25. Bxg5 Nxg5 26. Rxd6 Ra2 27. Nc3 Rc2 28. Ne4 Nh3+ 29. Kg2 Nf4+ 30. Kf3 Nxd3 31. Rb7 Rb2 32. Ra7 Ne1+ 33. Kg3 Rb3+ 34. Kh4 Nf3+ 35. Kh5 Nxh2 36. Ng5 h6 37. Nf7+ Kg8 38. Nxe5 Rh3+ 39. Kg6 Re8 40. Rxg7+ Kh8 41. Nf7# 1-0


[Site "https://www.chess.com"]

[Event "Titled Tuesday Blitz March 01 Late 2022"]
[White "Papayan, Oleg"]
[Black "Araujo Filho, Luiz Antonio Coel"]
[WhiteFideId "4193911"]
[BlackFideId "2130661"]
[WhiteElo "2038"]
[BlackElo "2201"]
[Result "1-0"]
[Round "08"]
[TimeControl "180+1"]
[Date "2022.03.02"]
[WhiteClock "0:00:39"]
[BlackClock "0:00:51"]

1. e4 c6 2. d4 d5 3. e5 Bf5 4. h4 h5 5. Bg5 Qb6 6. Bd3 Bxd3 7. Qxd3 Qxb2 8. e6 Qxa1 9. Qb3 Qxd4 10. Qxb7 fxe6 11. Be3 Qe5 12. Qc8+ Kf7 13. Nf3 Qb2 14. Ng5+ Kg6 15. Qe8+ Kf5 16. Qxf8+ Nf6 17. Qxg7 Nbd7 18. O-O Rhg8 19. Qxe7 Rae8 20. Qd6 Qe5 21. Qxc6 Ng4 22. Nf3 Qb8 23. Qxd7 Nxe3 24. fxe3 Qg3 25. Ng5+ Kg4 26. Rf4+ Qxf4 27. exf4 1-0


[Site "https://www.chess.com"]

[Event "Titled Tuesday Blitz March 01 Late 2022"]
[White "Peatman, Carter"]
[Black "Sailer, Mike"]
[WhiteFideId "2096480"]
[BlackFideId "2012901"]
[WhiteElo "2275"]
[BlackElo "2109"]
[Result "1-0"]
[Round "08"]
[TimeControl "180+1"]
[Date "2022.03.02"]
[WhiteClock "0:00:24"]
[BlackClock "0:00:01"]

1. d4 d5 2. Bf4 Bf5 3. e3 e6 4. c4 Nf6 5. Nc3 Bb4 6. Qb3 Nc6 7. cxd5 exd5 8. Bb5 Bxc3+ 9. Qxc3 Bd7 10. Qa3 a6 11. Bd3 Be6 12. Rc1 Rc8 13. Qb3 Na5 14. Qb4 c6 15. Nf3 b5 16. Ne5 Qb6 17. b3 Nb7 18. O-O a5 19. Qd2 O-O 20. h3 c5 21. dxc5 Nxc5 22. Bb1 Nfe4 23. Qb2 b4 24. Nd3 Nc3 25. Nxc5 Rxc5 26. Be5 Rfc8 27. Bd3 Qc6 28. Bd4 Ne2+ 29. Qxe2 Rxc1 30. Rxc1 Qxc1+ 31. Kh2 Qc7+ 32. g3 f5 33. Qh5 Qf7 34. Qg5 h6 35. Qf4 g5 36. Qe5 Kf8 37. Qh8+ Ke7 38. Qxh6 Rg8 39. Bc5+ Ke8 40. Bb5+ Kd8 41. Bb6+ Kc8 42. Bd4 f4 43. exf4 gxf4 44. Be5 fxg3+ 45. Bxg3 Qf5 46. Bd3 Qf7 47. Qe3 Qb7 48. Qc5+ Kd7 49. Bb5+ Kd8 50. Bh4+ 1-0


[Site "https://www.chess.com"]

[Event "Titled Tuesday Blitz March 01 Late 2022"]
[White "Perez Torres, Nabi Isaias"]
[Black "Brunner, Nicolas"]
[WhiteFideId "5120373"]
[BlackFideId "620246"]
[WhiteElo "1755"]
[BlackElo "2372"]
[Result "1-0"]
[Round "08"]
[TimeControl "180+1"]
[Date "2022.03.02"]
[WhiteClock "0:00:26"]
[BlackClock "0:00:03"]

1. d4 d5 2. c4 e6 3. Nc3 Be7 4. e3 Nf6 5. Nf3 O-O 6. Bd3 dxc4 7. Bxc4 c5 8. O-O Nc6 9. dxc5 Bxc5 10. Qe2 a6 11. Rd1 Qe7 12. e4 Ng4 13. Rf1 b5 14. Bb3 Nce5 15. h3 Nxf3+ 16. Qxf3 Ne5 17. Qg3 Ng6 18. Bg5 f6 19. Be3 Bxe3 20. Qxe3 Bb7 21. Qb6 Nf4 22. Rfe1 Kh8 23. Kh2 Rad8 24. g3 Nd3 25. Re2 Rd6 26. Qe3 Rfd8 27. Rd2 Ne5 28. Rxd6 Rxd6 29. Rd1 g6 30. f4 Nd7 31. e5 Rxd1 32. Nxd1 fxe5 33. Nf2 exf4 34. Qxf4 Nc5 35. Qe5+ Kg8 36. Ng4 Nxb3 37. Nh6+ Kf8 38. Qh8# 1-0


[Site "https://www.chess.com"]

[Event "Titled Tuesday Blitz March 01 Late 2022"]
[White "Petrovic, Aleksa"]
[Black "Martins, Carlos"]
[WhiteFideId "967629"]
[BlackFideId "2101688"]
[WhiteElo "2139"]
[BlackElo "2183"]
[Result "1-0"]
[Round "08"]
[TimeControl "180+1"]
[Date "2022.03.02"]
[WhiteClock "0:00:52"]
[BlackClock "0:00:11"]

1. Nf3 d6 2. d4 f5 3. g3 Nf6 4. Bg2 g6 5. O-O Bg7 6. c3 O-O 7. Qb3+ Kh8 8. Ng5 d5 9. Nd2 Ne4 10. Ndf3 h6 11. Nxe4 fxe4 12. Ne5 Kh7 13. f3 exf3 14. Rxf3 c6 15. Rxf8 Qxf8 16. Qc2 Bf5 17. e4 dxe4 18. Bxe4 Bxe5 19. dxe5 Nd7 20. Bxf5 Qxf5 21. Qxf5 gxf5 22. Bf4 Nc5 23. Rd1 Kg6 24. b4 Na4 25. Rd7 Nxc3 26. Rxb7 Kf7 27. Bxh6 Ke6 28. Rc7 Nxa2 29. Rxc6+ Kxe5 30. Bd2 Rd8 31. Rc2 Nxb4 32. Bxb4 Rd1+ 33. Kg2 Ke4 34. Re2+ Kd3 35. Rxe7 Ra1 36. h4 a5 37. Bd6 a4 38. h5 a3 39. h6 a2 40. Ra7 Ke4 41. h7 1-0


[Site "https://www.chess.com"]

[Event "Titled Tuesday Blitz March 01 Late 2022"]
[White "Piesik, Piotr"]
[Black "Babazada, Khazar"]
[WhiteFideId "1136194"]
[BlackFideId "13413554"]
[WhiteElo "2232"]
[BlackElo "2418"]
[Result "0-1"]
[Round "08"]
[TimeControl "180+1"]
[Date "2022.03.01"]
[WhiteClock "0:01:12"]
[BlackClock "0:00:43"]

1. Nf3 Nf6 2. g3 b6 3. Bg2 Bb7 4. O-O g6 5. c4 Bg7 6. Nc3 O-O 7. d3 d6 8. e4 e5 9. Ne1 Nc6 10. Nc2 Nd7 11. f4 exf4 12. gxf4 Nd4 13. Nxd4 Bxd4+ 14. Kh1 Nc5 15. Ne2 Bg7 16. Ng3 Qh4 17. Qe2 Rae8 18. Be3 f5 19. Bxc5 bxc5 20. Qd2 fxe4 21. Bxe4 Bxe4+ 22. Nxe4 Bh6 23. Qf2 Qxf2 24. Rxf2 Bxf4 25. Raf1 Be5 26. Rxf8+ Rxf8 27. Rxf8+ Kxf8 28. b3 Kf7 29. Kg2 Ke6 30. h3 Bf4 31. Kf3 Ke5 32. Nc3 c6 33. Ne2 Bd2 34. Kg4 h5+ 35. Kf3 g5 36. Ng3 Kd4 37. Ne4 Kxd3 38. Nxd6 Kc2 39. Ne4 Bb4 40. Nxg5 Kb2 41. Ne6 Kxa2 42. Nf4 h4 43. Ng2 Kxb3 44. Nxh4 a5 45. Nf5 a4 0-1


[Site "https://www.chess.com"]

[Event "Titled Tuesday Blitz March 01 Late 2022"]
[White "Pinheiro, Iung Alicio de O."]
[Black "Csonka, Balazs"]
[WhiteFideId "2104350"]
[BlackFideId "742910"]
[WhiteElo "2529"]
[BlackElo "2404"]
[Result "0-1"]
[Round "08"]
[TimeControl "180+1"]
[Date "2022.03.02"]
[WhiteClock "0:00:35"]
[BlackClock "0:00:16"]

1. e4 c6 2. d4 d5 3. e5 c5 4. dxc5 e6 5. a3 Bxc5 6. Nf3 Ne7 7. Bd3 a6 8. O-O Nd7 9. b4 Ba7 10. Bb2 b5 11. a4 bxa4 12. c4 dxc4 13. Bxc4 O-O 14. Qe2 Bb7 15. Nbd2 Ng6 16. g3 Nb6 17. Bxa6 Bxa6 18. Qxa6 Nd5 19. Qc4 Qb8 20. b5 Rc8 21. Qd3 Nb4 22. Qe2 Qb7 23. Kh1 Rc2 24. Ba3 Rxd2 25. Qxd2 Qxf3+ 26. Kg1 Nd3 27. Ra2 Ndf4 28. gxf4 Nh4 0-1


[Site "https://www.chess.com"]

[Event "Titled Tuesday Blitz March 01 Late 2022"]
[White "Rangel, Daniel"]
[Black "Hoffmann, Asa"]
[WhiteFideId "2124475"]
[BlackFideId "2001470"]
[WhiteElo "2187"]
[BlackElo "2117"]
[Result "0-1"]
[Round "08"]
[TimeControl "180+1"]
[Date "2022.03.02"]
[WhiteClock "0:00:03"]
[BlackClock "0:00:46"]

1. d4 Nf6 2. c4 c5 3. d5 e5 4. Nc3 d6 5. e4 Be7 6. g3 O-O 7. Bg2 Na6 8. Nf3 Ne8 9. O-O Bd7 10. Ne1 Nec7 11. a4 Nb4 12. Nd3 Bf6 13. h3 b6 14. Kh2 a6 15. f4 Nxd3 16. Qxd3 Qe7 17. f5 b5 18. axb5 axb5 19. Rxa8 Rxa8 20. cxb5 Rb8 21. Qd2 Nxb5 22. Nxb5 Bxb5 23. Rf3 h6 24. Rb3 Rb7 25. Qa5 Qd7 26. Qa8+ Kh7 27. Bf1 Ba6 28. Rxb7 Bxb7 29. Qa7 Qc8 30. Qb6 Qd7 31. Bb5 Qe7 32. Bd2 Bg5 33. Bxg5 Qxg5 34. Qxb7 Qd2+ 35. Kg1 Qe3+ 36. Kf1 Qf3+ 37. Ke1 Qxg3+ 38. Kd1 Qg1+ 39. Kc2 Qf2+ 40. Kd1 Qd4+ 41. Kc1 Qxe4 42. Qc6 Qe1+ 43. Kc2 e4 44. Qxd6 e3 45. Bd3 Qd2+ 46. Kb1 Qxd3+ 47. Ka1 e2 0-1


[Site "https://www.chess.com"]